 Dungeon Crawl Stone Soup version 0.16.1-18-g436b03c (webtiles) character file.

1 drasked the Magician (level 1, 0/11 HPs)
             Began as an Octopode Wizard on May 16, 2015.
             Slain by a rat (2 damage)
             ... on level 1 of the Dungeon.
             The game lasted 00:00:52 (56 turns).

drasked the Magician (Octopode Wizard)                Turns: 56, Time: 00:00:52

Health: 0/11       AC:  1    Str:  6    XL:     1   Next: 20%
Magic:  1/4        EV: 12    Int: 20    God:
Gold:   0          SH:  0    Dex: 10    Spells: 1 memorised, 5 levels left

rFire  . . .     SeeInvis .     (no weapon)
rCold  . . .     Clarity  .     (no shield)
rNeg   . . .     SustAb   .     b - +0 hat
rPois  .         Gourm    .     (no amulet)
rElec  .         Spirit   .     (no ring)
rCorr  .         Warding  .     (no ring)
rMut   .         Stasis   .     (no ring)
MR     .....                    (no ring)
Stlth  +++.......               (no ring)
                                (no ring)
                                (no ring)
                                (no ring)

@: very slightly contaminated, not resistant to hostile enchantments, fairly
stealthy
A: almost no armour, amphibious, 8 rings, constrict 8, camouflage 1, gelatinous
body 1
a: no special abilities


You were on level 1 of the Dungeon.
You were not hungry.

You visited 1 branch of the dungeon, and saw 1 of its levels.

Inventory:

Armour
 b - a +0 hat (worn)
Books
 c - a book of Minor Magic
Comestibles
 a - 2 fruits
 d - a bread ration {@e1}


   Skills:
 - Level 2.0 Dodging
 - Level 2.6 Stealth
 + Level 3.0 Spellcasting
 + Level 1.1 Conjurations
   Level 1.0 Summonings
   Level 1.0 Translocations


You had 5 spell levels left.
You knew the following spells:

 Your Spells              Type           Power        Failure   Level  Hunger
a - Magic Dart            Conj           #...         12%         1    None


Dungeon Overview and Level Annotations

Branches:
Dungeon (1/15)

Altars:


Innate Abilities, Weirdness & Mutations

You cannot wear most types of armour.
You are amphibious.
You can wear up to eight rings at the same time.
You can use your tentacles to constrict many enemies at once.
Your skin changes colour to match your surroundings (Stealth).
Your rubbery body absorbs attacks (AC +1).


Message History

Welcome, drasked the Octopode Wizard.
They say that the Orb of Zot exists deep within this dungeon, but nobody has ever found it.
Found two robes, 2 fruits and 18 stones.
Found a staircase leading out of the dungeon.
a - a fruit
There is a staircase leading out of the dungeon here.
a - 2 fruits (gained 1)
You see here a robe.
A rat and a hobgoblin come into view.
Found an escape hatch in the floor.
The hobgoblin shouts!
Okay, then. (m)acro, (M)acro raw, keymap [(k) default, (x) level-map, (t)argeting, (c)onfirm, m(e)nu], (s)ave?
Input macro trigger key: 1 Current Action: Zc Do you wish to (r)edefine, (c)lear, or (a)bort?
Input macro action: za.
Created macro '1' => 'za.'.
Aim: a hobgoblin, wielding a club You miscast Magic Dart.
You are very lightly contaminated with residual magic.
Nothing appears to happen.
You now have 3/4 mp.
Aim: a hobgoblin, wielding a club You miscast Magic Dart.
Your skin glows momentarily.
You now have 2/4 mp.
Aim: a hobgoblin, wielding a club You miscast Magic Dart.
You smell something strange.
You now have 1/4 mp.
You barely miss the hobgoblin. You grab the hobgoblin.
You constrict the hobgoblin, but do no damage.
The hobgoblin misses you.
You tentacle-slap the hobgoblin.
You constrict the hobgoblin, but do no damage.
The hobgoblin barely misses you.
You tentacle-slap the hobgoblin but do no damage.
You constrict the hobgoblin, but do no damage.
The hobgoblin hits you with a club.
You take 5 damage, and have 6/11 hp.
MASSIVE DAMAGE!!
You release your grip on the hobgoblin.
Aim: a hobgoblin, wielding a club (severely wounded)
The magic dart hits the hobgoblin.
The hobgoblin hits you with a club.
* * * LOW HITPOINT WARNING * * *
You take 4 damage, and have 2/11 hp.
MASSIVE DAMAGE!!
You now have 0/4 mp.
You tentacle-slap the hobgoblin but do no damage.
You grab the hobgoblin.
You constrict the hobgoblin, but do no damage.
You tentacle-slap the hobgoblin.
You kill the hobgoblin!
You closely miss the rat. Your grab misses the rat. The rat barely misses you.
You tentacle-slap the rat but do no damage.
Your grab misses the rat. You squeeze the rat. The rat barely misses you.
You tentacle-slap the rat but do no damage.
Your grab misses the rat. The rat barely misses you.
You barely miss the rat. Your grab misses the rat. The rat bites you.
You die...

... #.# #.#
#.# #.# #.#
#.# #r# #@#
. #.# .#
#.## .#
#..# .#
#..##.#
#...#.#
#.#.#.#
####.#.#.#
##........#


You could see a rat.

Vanquished Creatures
  A hobgoblin (D:1)
1 creature vanquished.

Notes
Turn   | Place    | Note
--------------------------------------------------------------
     0 | D:1      | drasked, the Octopode Wizard, began the quest for the Orb.
     0 | D:1      | Reached XP level 1. HP: 11/11 MP: 4/4
    50 | D:1      | HP: 2/11 [hobgoblin/club (4)]
    56 | D:1      | Slain by a rat

Action                   || total
-------------------------++-------
Melee: Unarmed           ||     9
 Cast: Magic Dart        ||     1

Vault maps used:
D:1:      dpeg_arrival_orchard, nemelex_diamond_rough_becter

Table legend:
 A = Turns spent in this place as a percentage of turns spent in the entire game.
 B = Non-inter-level travel turns spent in this place as a percentage of non-inter-level travel turns spent in the entire game.
 C = Inter-level travel turns spent in this place as a percentage of turns spent in this place.
 D = Turns resting spent in this place as a percentage of non-inter-level travel turns spent in this place.
 E = Turns spent auto-exploring this place as a percentage of non-inter-level travel turns spent in this place.
 F = Non-inter-level travel turns spent in this place divided by the number of levels of this place that you've seen.
                   A       B       C       D       E      F
               +-------+-------+-------+-------+-------+----------------------
         Total | 100.0 | 100.0 |   0.0 |   0.0 |   1.8 |  56.0
       Dungeon | 100.0 | 100.0 |   0.0 |   0.0 |   1.8 |  56.0
               +-------+-------+-------+-------+-------+----------------------

Table legend:
 A = Kills in this place as a percentage of kills in entire the game.
 B = Kills by you in this place as a percentage of kills by you in the entire game.
 C = Kills by friends in this place as a percentage of kills by friends in the entire game.
 D = Other kills in this place as a percentage of other kills in the entire game.
 E = Experience gained in this place as a percentage of experience gained in the entire game.
 F = Experience gained in this place divided by the number of levels of this place that you have seen.
                   A       B       C       D       E      F
               +-------+-------+-------+-------+-------+----------------------
         Total | 100.0 | 100.0 |  -nan |  -nan | 100.0 |   2.0
       Dungeon | 100.0 | 100.0 |  -nan |  -nan | 100.0 |   2.0
               +-------+-------+-------+-------+-------+----------------------
